Map: Odyssey LE

Players

Lambo - Winner!

  • Race: Zerg Zerg
  • Spawn Location: 5:00

SpaceDucK

  • Race: Protoss Protoss
  • Spawn Location: 11:00

Event: WCS Jonkoping 2017

VOD

Have the link to the VOD?

Description

Time

  • Played on: June 17, 2017, 10:06 a.m.
  • Length: 4:40

All games in this series

Show
View Real Time Build Order
Export as new Build Order

Lambo Zerg - Winner!

Build Orders: Hatch First 

Get SALT Encoding   

  12  0:01  Drone  
  13  0:13  Overlord  
  13  0:18  Drone  
  14  0:31  Drone  
  14  0:32  Drone  
  14  0:35  Drone  
  17  0:52  Hatchery  
  17  0:55  Drone  
  17  0:58  Drone  
  18  1:04  Extractor  
  17  1:13  Spawning Pool  
  17  1:16  Drone  
  17  1:20  Drone  
  18  1:30  Drone  
  19  1:45  Overlord  
  19  1:50  Drone  
  20  2:01  Queen  
  20  2:04  Zergling x2  
  20  2:05  Queen, Zergling x2  
  20  2:06  Metabolic Boost  
  26  2:13  Drone  
  27  2:20  Drone  
  28  2:25  Drone x2  
  30  2:31  Evolution Chamber  
  30  2:36  Drone x2  
  31  2:46  Hatchery  
  30  2:52  Zergling x4  
  30  2:56  Overlord  
  32  3:01  Zergling x2  
  32  3:06  Zergling x2  
  32  3:09  Overlord  
  33  3:15  Zergling x10  
  39  3:20  Zergling x2  
  39  3:29  Zergling x2  
  39  3:30  Zergling x2  
  40  3:36  Zergling x4  
  40  3:40  Queen  
  44  3:41  Overlord  
  44  3:45  Zergling x6  
  44  3:46  Zergling x2  
  48  3:49  Zergling x2  
  49  3:57  Zergling x6  
  49  4:01  Overlord  
  52  4:05  Zergling x2  
  52  4:09  Overlord  
  53  4:11  Zergling x4  
  54  4:18  Zergling x2  
  54  4:21  Zergling x2  
Show
View Real Time Build Order
Export as new Build Order

SpaceDucK Protoss 

Build Orders:  

Get SALT Encoding   

  12  0:01  Probe (Chrono Boost)  
  13  0:14  Pylon  
  13  0:18  Probe (Chrono Boost)  
  14  0:29  Probe (Chrono Boost)  
  15  0:46  Probe (Chrono Boost)  
  15  0:47  Gateway  
  16  0:54  Assimilator  
  17  0:57  Probe (Chrono Boost), Assimilator  
  17  1:09  Probe (Chrono Boost)  
  18  1:14  Pylon  
  18  1:23  Probe (Chrono Boost)  
  19  1:38  Cybernetics Core  
  20  1:40  Probe (Chrono Boost)  
  20  1:51  Probe (Chrono Boost), Gateway  
  21  2:02  Probe (Chrono Boost)  
  22  2:12  Probe (Chrono Boost)  
  23  2:16  Warp Gate (Chrono Boost)  
  23  2:21  Sentry  
  25  2:23  Mothership Core (Chrono Boost)  
  25  2:27  Pylon  
  27  2:46  Nexus  
  27  2:54  Stalker  
  30  3:12  Probe  
  30  3:18  Zealot  
  32  3:35  Probe  
  32  3:36  Assimilator  
  32  3:38  Assimilator  
  33  3:47  Probe  
  36  3:59  Probe  
  33  4:11  Probe  
  33  4:14  Zealot x2  
Tags
 
Add a new tag
Caveats
  • Supply blocks, unpowered buildings, or Contaminate may cause inaccurate times.
  • Supply counts are checked every 10 seconds.